TOP OF THE 1ST |
Jackson Generals batting - Pitching for Chattanooga Lookouts : LHP Stefano Traversoni
|
Pitching: LHP Stefano Traversoni
|
|
Batting: SHB Detlef Oursler
|
0-0: SINGLE (Groundball, 4MS, EV 66.2 MPH) (infield hit)
|
Batting: RHB Robby Cuellar
|
0-0: Ball 1-0: Ball 2-0: Ball 3-0: Called Strike 3-1: Called Strike 3-2: Ground out 4-3 (Groundball, 4S, EV 88.1 MPH) Detlef Oursler to second
|
Batting: SHB Jose Castillo
|
0-0: Ball 1-0: Called Strike Detlef Oursler steals 3rd base 1-1: Ball 2-1: Fly out, F3 (Popup, 3F, EV 65.0 MPH)
|
Batting: LHB Jawad Fahad
|
0-0: Ball 1-0: Ground out U3 (Groundball, 3, EV 101.2 MPH)
|
Top of the 1st over - 0 runs, 1 hit, 0 errors, 1 left on base; Jackson 0 - Chattanooga 0 |
BOTTOM OF THE 1ST |
Chattanooga Lookouts batting - Pitching for Jackson Generals : RHP Trevor Jacobsen
|
Pitching: RHP Trevor Jacobsen
|
|
Batting: RHB J.J. Powers
|
0-0: Ball 1-0: Ball 2-0: Called Strike 2-1: Foul Ball, location: 2F 2-2: Ball 3-2: Foul Ball, location: 2F 3-2: Foul Ball, location: 2F 3-2: Fly out, F7 (Flyball, 7, EV 90.0 MPH)
|
Batting: LHB Jim Pankratz
|
0-0: Ball 1-0: Ball 2-0: Called Strike 2-1: Ground out 6-3 (Groundball, 6S, EV 65.6 MPH)
|
Batting: RHB Miguel Diaz
|
0-0: Foul Ball, location: 2F 0-1: Swinging Strike 0-2: Foul Ball, location: 2F 0-2: Ball 1-2: Fly out, F9 (Flyball, 9LS, EV 96.2 MPH)
|
Bottom of the 1st over - 0 runs, 0 hits, 0 errors, 0 left on base; Jackson 0 - Chattanooga 0 |
TOP OF THE 2ND |
Jackson Generals batting - Pitching for Chattanooga Lookouts : LHP Stefano Traversoni
|
Batting: RHB Sean Peake
|
0-0: Foul Ball, location: 2F 0-1: Foul Ball, location: 2F 0-2: SOLO HOME RUN (Flyball, 78XD, EV 99.4 MPH), Distance : 405 ft
|
Batting: RHB Joe Stading
|
0-0: Swinging Strike 0-1: Ball 1-1: Foul Ball, location: 2F 1-2: Ball 2-2: Ball 3-2: Foul Ball, location: 2F 3-2: Ground out 4-3 (Groundball, 4, EV 83.1 MPH)
|
Batting: RHB Salvador Avina
|
0-0: Called Strike 0-1: Ball 1-1: Ball 2-1: Ground out U3 (Groundball, 3, EV 98.8 MPH)
|
Batting: SHB Tony de Lara
|
0-0: Called Strike 0-1: DOUBLE (Flyball, 8RXD, EV 93.1 MPH)
|
Batting: RHB Matt Berkley
|
0-0: SINGLE (Line Drive, 78S, EV 93.1 MPH) Tony de Lara to third Runner from 3rd tries for Home, SAFE, throw by LF to home
|
Batting: SHB Detlef Oursler
|
0-0: Foul Ball, location: 2F 0-1: Called Strike 0-2: Ball 1-2: Ball 2-2: Ground out 6-3 (Groundball, 6S, EV 88.1 MPH)
|
Top of the 2nd over - 2 runs, 3 hits, 0 errors, 1 left on base; Jackson 2 - Chattanooga 0 |
BOTTOM OF THE 2ND |
Chattanooga Lookouts batting - Pitching for Jackson Generals : RHP Trevor Jacobsen
|
Batting: LHB Matt Robertson
|
0-0: Ball 1-0: Ball 2-0: Ball 3-0: Base on Balls
|
Batting: SHB Ian Thompson
|
0-0: Ball Matt Robertson steals 2nd base 1-0: Ball 2-0: Ground out 4-3 (Groundball, 4, EV 85.0 MPH) Matt Robertson to third
|
Batting: RHB Manuel Juarez
|
0-0: Foul Ball, location: 2F 0-1: SINGLE (Line Drive, 4D, EV 98.1 MPH) Matt Robertson scores
|
Batting: RHB Jose Nunez
|
0-0: Called Strike 0-1: Ball 1-1: Called Strike Manuel Juarez steals 2nd base 1-2: Foul Ball, location: 2F 1-2: Reached on error, E5 (Groundball, 56, EV 83.8 MPH) Manuel Juarez to third
|
Batting: LHB Justin Wenzel
|
0-0: Called Strike 0-1: Called Strike 0-2: SINGLE (Line Drive, 78S, EV 96.2 MPH) Manuel Juarez scores Jose Nunez to second
|
Batting: LHB Seung-jun Chang
|
0-0: Fielders Choice at 2nd, 6-4 (Groundball, 6, EV 90.6 MPH) Jose Nunez to third
|
Batting: RHB J.J. Powers
|
0-0: Called Strike 0-1: Ball 1-1: Called Strike 1-2: Foul Ball, location: 2F 1-2: Foul Ball, location: 2F 1-2: SINGLE (Line Drive, 34D, EV 102.5 MPH) Jose Nunez scores Seung-jun Chang to second Runner from 2nd tries for 3rd, SAFE, throw by RF made to third
|
Batting: LHB Jim Pankratz
|
0-0: Ball J.J. Powers steals 2nd base (no throw) 1-0: Ball 2-0: Ball 3-0: Called Strike 3-1: Base on Balls
|
Batting: RHB Miguel Diaz
|
0-0: Ball 1-0: SINGLE (Groundball, 6MD, EV 98.8 MPH) Seung-jun Chang scores J.J. Powers to third Jim Pankratz to second Runner from 3rd tries for Home, SAFE, throw by CF to home
|
Batting: LHB Matt Robertson
|
0-0: Ball 1-0: Ball 2-0: SINGLE (Groundball, 4M, EV 87.5 MPH) (infield hit) Jim Pankratz to third Miguel Diaz to second
|
Batting: SHB Ian Thompson
|
0-0: Called Strike 0-1: Ball 1-1: Foul Ball, location: 2F 1-2: Ball 2-2: Ball 3-2: Foul Ball, location: 2F 3-2: Strikes out swinging
|
Bottom of the 2nd over - 5 runs, 5 hits, 1 error, 3 left on base; Jackson 2 - Chattanooga 5 |
TOP OF THE 3RD |
Jackson Generals batting - Pitching for Chattanooga Lookouts : LHP Stefano Traversoni
|
Batting: RHB Robby Cuellar
|
0-0: Ball 1-0: Swinging Strike 1-1: Swinging Strike 1-2: Ball 2-2: Ball 3-2: Base on Balls
|
Batting: SHB Jose Castillo
|
0-0: Called Strike 0-1: Foul Ball, location: 2F 0-2: Foul Ball, location: 2F 0-2: Ball 1-2: Fly out, F7 (Flyball, 7S, EV 88.8 MPH)
|
Batting: LHB Jawad Fahad
|
0-0: SINGLE (Line Drive, 9S, EV 108.8 MPH) Robby Cuellar to second
|
Batting: RHB Sean Peake
|
0-0: Fly out, F3 (Popup, 3S, EV 75.6 MPH)
|
Batting: RHB Joe Stading
|
0-0: Ball 1-0: Swinging Strike 1-1: Foul Ball, location: 2F 1-2: Ball 2-2: Strikes out swinging
|
Top of the 3rd over - 0 runs, 1 hit, 0 errors, 2 left on base; Jackson 2 - Chattanooga 5 |
BOTTOM OF THE 3RD |
Chattanooga Lookouts batting - Pitching for Jackson Generals : RHP Trevor Jacobsen
|
Batting: RHB Manuel Juarez
|
0-0: Called Strike 0-1: Foul Ball, location: 2F 0-2: Foul Ball, location: 2F 0-2: Ball 1-2: SINGLE (Flyball, 4D, EV 86.9 MPH)
|
Batting: RHB Jose Nunez
|
0-0: Called Strike 0-1: Called Strike 0-2: Grounds into double play, 6-4-3 (Groundball, 6, EV 108.1 MPH)
|
Batting: LHB Justin Wenzel
|
0-0: Called Strike 0-1: Foul Ball, location: 2F 0-2: Ball 1-2: Ball 2-2: Ball 3-2: Foul Ball, location: 2F 3-2: Foul Ball, location: 2F 3-2: Foul Ball, location: 2F 3-2: Ground out U3 (Groundball, 34S, EV 70.0 MPH)
|
Bottom of the 3rd over - 0 runs, 1 hit, 0 errors, 0 left on base; Jackson 2 - Chattanooga 5 |
TOP OF THE 4TH |
Jackson Generals batting - Pitching for Chattanooga Lookouts : LHP Stefano Traversoni
|
Batting: RHB Salvador Avina
|
0-0: Called Strike 0-1: Ground out 4-3 (Groundball, 4, EV 98.1 MPH)
|
Batting: SHB Tony de Lara
|
0-0: Fly out, F7 (Line Drive, 78D, EV 96.9 MPH)
|
Batting: RHB Matt Berkley
|
0-0: Ball 1-0: Fly out, F8 (Flyball, 8LM, EV 93.8 MPH)
|
Top of the 4th over - 0 runs, 0 hits, 0 errors, 0 left on base; Jackson 2 - Chattanooga 5 |
BOTTOM OF THE 4TH |
Chattanooga Lookouts batting - Pitching for Jackson Generals : RHP Trevor Jacobsen
|
Batting: LHB Seung-jun Chang
|
0-0: Ball 1-0: Ball 2-0: Called Strike 2-1: Ball 3-1: Fly out, F8 (Flyball, 8LD, EV 101.9 MPH)
|
Batting: RHB J.J. Powers
|
0-0: Ball 1-0: Foul Ball, location: 2F 1-1: Ball 2-1: Ball 3-1: Base on Balls
|
Batting: LHB Jim Pankratz
|
0-0: Ball J.J. Powers steals 2nd base 1-0: Called Strike 1-1: Called Strike 1-2: Fly out, F8 (Flyball, 78D, EV 104.4 MPH)
|
Batting: RHB Miguel Diaz
|
0-0: Ball 1-0: Ball 2-0: Called Strike 2-1: Ball 3-1: Called Strike 3-2: Strikes out looking
|
Bottom of the 4th over - 0 runs, 0 hits, 0 errors, 1 left on base; Jackson 2 - Chattanooga 5 |
TOP OF THE 5TH |
Jackson Generals batting - Pitching for Chattanooga Lookouts : LHP Stefano Traversoni
|
Batting: SHB Detlef Oursler
|
0-0: Called Strike 0-1: Called Strike 0-2: Ball 1-2: Ball 2-2: Ball 3-2: Base on Balls
|
Batting: RHB Robby Cuellar
|
0-0: 2-RUN HOME RUN (Flyball, 7D, EV 98.8 MPH), Distance : 396 ft
|
Batting: SHB Jose Castillo
|
0-0: Called Strike 0-1: Ground out 5-3 (Groundball, 56, EV 85.0 MPH)
|
Batting: LHB Jawad Fahad
|
0-0: Called Strike 0-1: Ball 1-1: Ball 2-1: Fly out, F8 (Line Drive, 8LM, EV 106.2 MPH)
|
Batting: RHB Sean Peake
|
0-0: Ball 1-0: Ball 2-0: Ball 3-0: Called Strike 3-1: Called Strike 3-2: Fly out, F8 (Flyball, 8RD, EV 83.8 MPH)
|
Top of the 5th over - 2 runs, 1 hit, 0 errors, 0 left on base; Jackson 4 - Chattanooga 5 |
BOTTOM OF THE 5TH |
Chattanooga Lookouts batting - Pitching for Jackson Generals : RHP Trevor Jacobsen
|
Pitching: RHP Jamie Johnston
|
|
Batting: LHB Matt Robertson
|
0-0: Foul Ball, location: 2F 0-1: Ball 1-1: Hit by Pitch
|
Batting: SHB Ian Thompson
|
0-0: Called Strike 0-1: Ball 1-1: Ball 2-1: Ball Matt Robertson is caught stealing 2nd base 2-6 3-1: Base on Balls
|
Batting: RHB Manuel Juarez
|
0-0: Ball Wild Pitch! Ian Thompson to second 1-0: Called Strike 1-1: Foul Ball, location: 2F 1-2: DOUBLE (Flyball, 89XD, EV 92.5 MPH) Ian Thompson scores
|
Batting: RHB Jose Nunez
|
0-0: Foul Ball, location: 2F 0-1: Foul Ball, location: 2F 0-2: Fly out, F9 (Flyball, 9, EV 83.8 MPH)
|
Batting: LHB Justin Wenzel
|
0-0: DOUBLE (Line Drive, 7LM, EV 108.1 MPH) Manuel Juarez scores
|
Batting: LHB Seung-jun Chang
|
0-0: Called Strike 0-1: Ball 1-1: Foul Ball, location: 2F 1-2: Ball 2-2: Foul Ball, location: 2F 2-2: Fly out, F9 (Flyball, 9LS, EV 83.8 MPH)
|
Bottom of the 5th over - 2 runs, 2 hits, 0 errors, 1 left on base; Jackson 4 - Chattanooga 7 |
TOP OF THE 6TH |
Jackson Generals batting - Pitching for Chattanooga Lookouts : LHP Stefano Traversoni
|
Batting: RHB Joe Stading
|
0-0: Ball 1-0: Ball 2-0: Swinging Strike 2-1: Foul Ball, location: 2F 2-2: Strikes out swinging
|
Pitching: LHP Pete Zamarron
|
|
Batting: RHB Salvador Avina
|
0-0: Ball 1-0: Ground out 5-3 (Groundball, 5S, EV 68.1 MPH)
|
Batting: SHB Tony de Lara
|
0-0: Ball 1-0: Swinging Strike 1-1: Foul Ball, location: 2F 1-2: Foul Ball, location: 2F 1-2: Ball 2-2: SINGLE (Groundball, 56S, EV 67.5 MPH) (infield hit)
|
Batting: RHB Matt Berkley
|
0-0: Hit by Pitch Tony de Lara to second
|
Batting: SHB Detlef Oursler
|
0-0: Fielders Choice at 2nd, 6-4 (Groundball, 6, EV 107.5 MPH)
|
Top of the 6th over - 0 runs, 1 hit, 0 errors, 2 left on base; Jackson 4 - Chattanooga 7 |
BOTTOM OF THE 6TH |
Chattanooga Lookouts batting - Pitching for Jackson Generals : RHP Jamie Johnston
|
Batting: RHB J.J. Powers
|
0-0: Ball 1-0: Foul Ball, location: 2F 1-1: Ground out 5-3 (Groundball, 56S, EV 88.8 MPH)
|
Pitching: LHP Rentaro Minami
|
|
Batting: LHB Jim Pankratz
|
0-0: Ball 1-0: Foul Ball, location: 2F 1-1: Ball 2-1: Foul Ball, location: 2F 2-2: Ball 3-2: Ground out 4-3 (Groundball, 4, EV 77.5 MPH)
|
Batting: RHB Miguel Diaz
|
0-0: Fly out, F9 (Line Drive, 9S, EV 90.6 MPH)
|
Bottom of the 6th over - 0 runs, 0 hits, 0 errors, 0 left on base; Jackson 4 - Chattanooga 7 |
TOP OF THE 7TH |
Jackson Generals batting - Pitching for Chattanooga Lookouts : LHP Pete Zamarron
|
Batting: RHB Robby Cuellar
|
0-0: Ball 1-0: Called Strike 1-1: Ball 2-1: Ball 3-1: Base on Balls
|
Batting: SHB Jose Castillo
|
0-0: Swinging Strike 0-1: Ball 1-1: Foul Ball, location: 2F 1-2: Strikes out looking
|
Batting: LHB Jawad Fahad
|
0-0: Called Strike 0-1: Fielders Choice at 2nd, 4-6 (Groundball, 4, EV 82.5 MPH)
|
Now at SS: Mike Handrahan
|
|
Batting: RHB Sean Peake
|
0-0: Called Strike 0-1: Foul Ball, location: 2F 0-2: Ball 1-2: Strikes out looking
|
Top of the 7th over - 0 runs, 0 hits, 0 errors, 1 left on base; Jackson 4 - Chattanooga 7 |
BOTTOM OF THE 7TH |
Chattanooga Lookouts batting - Pitching for Jackson Generals : LHP Rentaro Minami
|
Batting: LHB Matt Robertson
|
0-0: Foul Ball, location: 2F 0-1: Ball 1-1: Called Strike 1-2: Strikes out looking
|
Batting: SHB Ian Thompson
|
0-0: Ball 1-0: Called Strike 1-1: Swinging Strike 1-2: Ball 2-2: Foul Ball, location: 2F 2-2: SINGLE (Groundball, 56S, EV 70.0 MPH) (infield hit)
|
Batting: RHB Manuel Juarez
|
0-0: Called Strike 0-1: SINGLE (Line Drive, 89M, EV 93.8 MPH) Ian Thompson to second
|
Batting: RHB Jose Nunez
|
0-0: Called Strike 0-1: Hit by Pitch Ian Thompson to third Manuel Juarez to second
|
Batting: LHB Justin Wenzel
|
0-0: Ball 1-0: Swinging Strike 1-1: Foul Ball, location: 2F 1-2: Ball 2-2: Foul Ball, location: 2F 2-2: Grounds into fielders choice 5-2 (Groundball, 56S, EV 66.2 MPH) Manuel Juarez to third Jose Nunez to second
|
Batting: LHB Seung-jun Chang
|
0-0: Ball 1-0: Ball 2-0: Called Strike 2-1: SINGLE (Groundball, 4MD, EV 111.2 MPH) Manuel Juarez scores Jose Nunez to third Justin Wenzel to second Runner from 3rd tries for Home, SAFE, throw by CF to home
|
Batting: LHB Mike Handrahan
|
0-0: Foul Ball, location: 2F 0-1: Swinging Strike 0-2: Ground out U3 (Groundball, 3, EV 100.0 MPH)
|
Bottom of the 7th over - 2 runs, 3 hits, 0 errors, 2 left on base; Jackson 4 - Chattanooga 9 |
TOP OF THE 8TH |
Jackson Generals batting - Pitching for Chattanooga Lookouts : LHP Pete Zamarron
|
Batting: RHB Joe Stading
|
0-0: Ball 1-0: Called Strike 1-1: Ground out 6-3 (Groundball, 6, EV 108.8 MPH)
|
Batting: RHB Salvador Avina
|
0-0: Swinging Strike 0-1: Fly out, F8 (Flyball, 8LXD, EV 100.0 MPH)
|
Batting: SHB Tony de Lara
|
0-0: Ball 1-0: Ball 2-0: Called Strike 2-1: Ball 3-1: Foul Ball, location: 2F 3-2: Foul Ball, location: 2F 3-2: Strikes out swinging
|
Top of the 8th over - 0 runs, 0 hits, 0 errors, 0 left on base; Jackson 4 - Chattanooga 9 |
BOTTOM OF THE 8TH |
Chattanooga Lookouts batting - Pitching for Jackson Generals : LHP Rentaro Minami
|
Batting: LHB Jim Pankratz
|
0-0: Ball 1-0: Foul Ball, location: 2F 1-1: Foul Ball, location: 2F 1-2: Ground out U3 (Groundball, 34, EV 87.5 MPH)
|
Pitching: RHP Settan Suzuki
|
|
Batting: RHB Miguel Diaz
|
0-0: Swinging Strike 0-1: Ground out 6-3 (Groundball, 6M, EV 106.9 MPH)
|
Batting: LHB Matt Robertson
|
0-0: Called Strike 0-1: Foul Ball, location: 2F 0-2: Strikes out swinging
|
Bottom of the 8th over - 0 runs, 0 hits, 0 errors, 0 left on base; Jackson 4 - Chattanooga 9 |
TOP OF THE 9TH |
Jackson Generals batting - Pitching for Chattanooga Lookouts : LHP Pete Zamarron
|
Batting: RHB Matt Berkley
|
0-0: Ball 1-0: Foul Ball, location: 2F 1-1: Swinging Strike 1-2: Fly out, F7 (Flyball, 7, EV 84.4 MPH)
|
Pitching: RHP Andy Symons
|
|
Batting: SHB Detlef Oursler
|
0-0: Called Strike 0-1: Ball 1-1: Called Strike 1-2: Ball 2-2: SINGLE (Groundball, 4MS, EV 74.4 MPH) (infield hit)
|
Batting: RHB Robby Cuellar
|
0-0: Grounds into double play, 6-4-3 (Groundball, 6, EV 93.1 MPH)
|
Top of the 9th over - 0 runs, 1 hit, 0 errors, 0 left on base; Jackson 4 - Chattanooga 9 |
|